Map: Washout LE

Players

Harstem - Winner!

  • Race: Protoss Protoss
  • League: Grandmaster
  • Spawn Location: 7:00

Cellsidus

  • Race: Zerg Zerg
  • League: Grandmaster
  • Spawn Location: 1:00

Event: HomeStory Cup XXIX

VOD

Have the link to the VOD?

Description

Time

  • Played on: July 4, 2026, 6:12 a.m.
  • Length: 3:10

All games in this series

Show
View Real Time Build Order
Export as new Build Order

Harstem Protoss - Winner!

Build Orders:  

Get SALT Encoding   

  8  0:00  Probe (Chrono Boost)  
  9  0:12  Probe (Chrono Boost)  
  10  0:20  Probe (Chrono Boost)  
  11  0:26  Probe  
  12  0:34  Pylon  
  12  0:38  Probe  
  13  0:52  Probe  
  13  0:56  Gateway  
  14  1:04  Probe  
  15  1:16  Probe  
  16  1:20  Forge  
  16  1:34  Pylon  
  16  1:36  Probe  
  16  1:38  Pylon  
  17  1:44  Cybernetics Core  
  17  1:49  Assimilator  
  17  1:54  Photon Cannon  
  17  1:57  Probe  
  18  2:04  Zealot (Chrono Boost)  
  20  2:14  Pylon  
  20  2:29  Shield Battery  
  20  2:30  Adept (Chrono Boost)  
  20  2:37  Probe  
Show
View Real Time Build Order
Export as new Build Order

Cellsidus Zerg 

Build Orders: Pool Only 

Get SALT Encoding   

  8  0:00  Drone  
  9  0:27  Spawning Pool  
  8  0:34  Drone  
  9  0:40  Drone  
  10  0:52  Overlord  
  10  0:59  Drone  
  11  1:14  Zergling x6  
  15  1:25  Zergling x2  
  15  1:37  Zergling x2  
  16  1:48  Zergling x2  
  17  1:59  Zergling x2  
  18  2:08  Zergling x2  
  19  2:25  Zergling x2  
  16  2:37  Zergling x4  
Tags
 
Add a new tag
Caveats
  • Supply blocks, unpowered buildings, or Contaminate may cause inaccurate times.
  • Supply counts are checked every 10 seconds.